AoeStats
← Fazzz7z

African Clearing

504964586Analyzed
2v2 RM · 26d ago on Sep 7, 2026· 17m 35s· 4 players
Game mode
Random Map
Map size
Medium (4 player)
Population
200
Speed
Normal
Resources
Standard
Victory
Conquest
Starting age
Dark Age
Ending age
Imperial Age
RankedLock teamsTeams togetherTeam positionsShared explorationLock speedFull tech treeHidden civsTurbo modeCheats
Victory
Defeat
🇫🇷 Dravidians · France
1597
+7
🇮🇶 Mongols · Iraq
1399
+14
🇬🇧 Magyars · United Kingdom
1460
-14
🇬🇧 Hindustanis · United Kingdom
1276
-7
Roronoa Yolo
3:16 Loom
17:36 Feudal Age
Food, please
4:22 Loom
12:41 Feudal Age
14:54 Bloodlines
16:43 Forging
17:28 Scale Barding Armor
Laurie
4:57 Loom
14:37 Feudal Age
Fazzz7z
9:12 Loom
13:43 Feudal Age
17:14 Castle Age
15:15 Double-Bit Axe
Connection lost

Rejoining the realm…

Still unreachable

The connection could not be restored.

Session expired

The server has moved on; the page needs a fresh start.